 Dungeon Crawl Stone Soup version 0.30.1-9-gdf580d7c3d (webtiles) character file.

Game seed: 17000589468227195718

227 KittyFluff the Cudgeller (level 6, 0/57 HPs)
             Began as a Gargoyle Berserker on Oct 14, 2023.
             Was a Believer of Trog.
             Slain by a black bear (4 damage)
             ... on level 4 of the Dungeon.
             The game lasted 00:10:52 (2803 turns).

KittyFluff the Cudgeller (Gargoyle Berserker)       Turns: 2803, Time: 00:10:53

Health: 0/57       AC:  7    Str: 22    XL:     6   Next: 2%
Magic:  6/6        EV: 11    Int:  8    God:    Trog [**....]
Gold:   214        SH:  0    Dex:  9    Spells: 5/5 levels left

rFire   . . .        a - +0 mace
rCold   . . .        (no shield)
rNeg    + + .        e - +0 leather armour
rPois   ∞            (no helmet)
rElec   +            (no cloak)
rCorr   .            (no gloves)
SInv    .            (no boots)
Will    .....        (no amulet) Stlth
                     o - ring of positive energy
HPRegen 0.29/turn    (no ring)
MPRegen 0.10/turn

%: no passive effects
@: berserking, very quick
A: sickness immunity, AC +4, negative energy resistance 1, electricity
resistance, torment resistance 1, petrification resistance
a: Renounce Religion, Berserk, Trog's Hand


You were on level 4 of the Dungeon.
You worshipped Trog.
Trog was pleased with you.
You visited 1 branch of the dungeon, and saw 4 of its levels.

You collected 214 gold pieces.

Inventory:

Hand Weapons
 a - a +0 mace (weapon)
 h - a +0 arbalest
Missiles
 g - 9 poisoned darts (quivered)
Armour
 e - a +0 leather armour (worn)
Jewellery
 o - a ring of positive energy (left hand)
Scrolls
 b - 2 scrolls of fog {unknown}
 d - 5 scrolls of identify {unknown}
 f - a scroll of immolation {unknown}
 i - a scroll of enchant weapon {unknown}
 k - a scroll of summoning {unknown}
 l - a scroll of enchant armour {unknown}
 p - a scroll of blinking {unknown}
Potions
 c - 2 potions of curing {unknown}
 j - 2 potions of ambrosia {unknown}
 m - a potion of heal wounds {unknown}
 n - a potion of attraction {unknown}
 q - a potion of might {unknown}


   Skills:
 + Level 4.1 Fighting
 * Level 4.4 Maces & Flails
 * Level 4.2 Armour
 + Level 2.3 Dodging


You had 5 spell levels left.
You didn't know any spells.
Your spell library was empty.

Dungeon Overview and Level Annotations

Branches:
Dungeon (4/15)
 Temple: D:4-7

Altars:

Shops:
D:2 :   D:3 :


Innate Abilities, Weirdness & Mutations

You are immune to sickness and miasma.
Your stone body is resilient. (AC +4)
You are immune to poison.
You resist negative energy. (rN+)
You are resistant to electric shocks. (rElec)
You are resistant to unholy torment.
You are immune to petrification.


Message History

The black bear is moderately wounded.
The black bear bites you.
* * * LOW HITPOINT WARNING * * *
The black bear closely misses you.
The black bear claws you but does no damage.
You barely miss the black bear.
The black bear is moderately wounded.
The black bear bites you but does no damage.
The black bear claws you but does no damage.
The black bear claws you.
* * * LOW HITPOINT WARNING * * *
The black bear bites you but does no damage.
The black bear misses you.
The black bear claws you but does no damage.
A red film seems to cover your vision as you go berserk!
You feel yourself moving faster!
You feel mighty! The black bear barely misses you.
The black bear claws you but does no damage.
The black bear claws you.
* * * LOW HITPOINT WARNING * * *
You barely miss the black bear.
The black bear is moderately wounded.
You thump the black bear!
The black bear is severely wounded.
The black bear bites you but does no damage.
The black bear closely misses you. The black bear claws you.
* * * LOW HITPOINT WARNING * * *
You hit the black bear but do no damage.
The black bear is severely wounded.
The black bear bites you but does no damage.
The black bear claws you but does no damage.
The black bear claws you.
* * * LOW HITPOINT WARNING * * *
You hit the black bear.
The black bear is almost dead.
The black bear goes berserk!
You barely miss the black bear.
The black bear is almost dead.
The black bear barely misses you. The black bear claws you.
You die...

#####...###.o..#..
#..#....#........#
.....##....# #...
#.#.......###o.###
# ##.....##.......
##..o.#..(.....
#.{oS.S.#
###h###.# #@# ##
#.....# .........
##..##..#. #.## ##
###


You could see a black bear (berserk), an adder and 2 orcs.

Vanquished Creatures
  An ogre (D:4)
  Terence (D:3)
  An orc wizard (D:4)
  3 adders
  A worm (D:2)
  A dart slug (D:2)
  2 orcs (D:4)
  4 ball pythons
  5 endoplasms
  8 giant cockroaches
  4 goblins
  5 hobgoblins
  A quokka (D:2)
  8 bats
  6 frilled lizards
  7 kobolds
58 creatures vanquished.

Notes
Turn   | Place    | Note
-------+----------+-------------------------------------------
     0 | D:1      | KittyFluff the Gargoyle Berserker began the quest for the
                  | Orb.
     0 | D:1      | Reached XP level 1. HP: 14/14 MP: 1/1
   155 | D:1      | Reached XP level 2. HP: 19/19 MP: 2/2
   662 | D:2      | Reached XP level 3. HP: 19/23 MP: 3/3
   926 | D:2      | Reached ** piety under Trog
  1213 | D:2      | Found Fakhuz Beru's Book Shoppe.
  1545 | D:2      | Reached XP level 4. HP: 29/29 MP: 4/4
  1693 | D:3      | Found Ofoo's Book Boutique.
  1900 | D:3      | Noticed Terence
  1912 | D:3      | Killed Terence
  2671 | D:4      | Noticed an ogre
  2681 | D:4      | Killed an ogre
  2682 | D:4      | Reached XP level 5. HP: 33/33 MP: 5/5
  2700 | D:4      | Reached XP level 6. HP: 28/38 MP: 6/6
  2780 | D:4      | Noticed a black bear
  2803 | D:4      | Slain by a black bear

Illustrated notes

Levels and vault maps discovered:
D:1:      onia_arrival_pentagram, layout_loops_ring, grunt_decor_junction
D:2:      layout_basic, serial_forest, infiniplex_forest_lined_ring,
          infiniplex_forest_diagonal, infiniplex_forest_fountain,
          infiniplex_forest_end_1, infiniplex_forest_straight_4,
          infiniplex_forest_lined_ring, infiniplex_forest_straight_4,
          serial_shops, nicolae_book_shop_shelving, minmay_tripent
D:3:      layout_basic, serial_shops, nicolae_book_shop_shelving, uniq_terence
D:4:      layout_cave_pools, mainiacjoe_overflow_two_lobes,
          nicolae_ossuary_entry_plus, grunt_ministairs_11

Skill      XL: |  1  2  3  4 |
---------------+-------------+-----
Armour         | 3 4 |  4.2
Dodging        | 2 |  2.3
Maces & Flails | 4 |  4.4
Fighting       | 4 |  4.1

Action                     |  1- 3 |  4- 6 || total
---------------------------+-------+-------++-------
  Melee: Mace              |   183 |    93 ||   276
         Punch             |     3 |       ||     3
 Invoke: Berserk           |       |     2 ||     2
    Use: Scroll            |     1 |       ||     1
 Armour: Animal skin       |     4 |       ||     4
         Leather armour    |    38 |    57 ||    95
  Dodge: Dodged            |    82 |    63 ||   145
